 Dungeon Crawl Stone Soup version 0.28-a0-511-gcc94558de3 (webtiles) character file.

Game seed: 12825734839711743713

33 meatgazer the Skirmisher (level 3, -9/29 HPs)
             Began as a Demonspawn Abyssal Knight on Sept 21, 2021.
             Was a Follower of Lugonu.
             Mangled by an ogre (15 damage)
             ... on level 5 of the Dungeon.
             The game lasted 00:01:30 (1238 turns).

meatgazer the Skirmisher (DsAK)                     Turns: 1238, Time: 00:01:31

Health: -9/29      AC:  9    Str: 14    XL:     3   Next: 12%
Magic:  5/5        EV: 11    Int: 11    God:    Lugonu [*.....]
Gold:   53         SH:  0    Dex: 13    Spells: 2/2 levels left

rFire   . . .      SeeInvis .   a - +1 falchion
rCold   . . .      Faith    .   (no shield)
rNeg    . . .      Spirit   .   b - +0 leather armour
rPois   .          Reflect  .   (no helmet)
rElec   .          Harm     .   (no cloak)
rCorr   .          Rampage  .   (no gloves)
Will    .....                   (no boots)
Stlth   +.........              (no amulet)
HPRegen 0.09/turn               (no ring)
MPRegen 0.09/turn               (no ring)

@: sanguine armoured
A: demonic guardian 1, sanguine armour 1
a: Renounce Religion, Depart the Abyss


You were on level 5 of the Dungeon.
You worshipped Lugonu.
Lugonu was aware of your devotion.
You visited 1 branch of the dungeon, and saw 5 of its levels.
You visited the Abyss 1 time.

You collected 53 gold pieces.

Inventory:

Hand Weapons
 a - a +1 falchion (weapon)
Armour
 b - a +0 leather armour (worn)
 f - a +0 helmet
Jewellery
 e - an amulet of magic regeneration
Potions
 c - a potion of attraction {unknown}
 d - 2 potions of curing
 g - 2 potions of haste {unknown}


   Skills:
 + Level 3.4 Fighting
 + Level 2.3 Long Blades
 + Level 2.0 Armour
 + Level 1.0 Dodging
 + Level 3.0 Invocations


You had 2 spell levels left.
You didn't know any spells.
Your spell library was empty.

Dungeon Overview and Level Annotations

Branches:
Dungeon (5/15)
 Temple: D:4-7

Altars:
Ashenzari
Vehumet


Innate Abilities, Weirdness & Mutations

A weak demonic guardian rushes to your aid.
When seriously injured, your bleeding wounds create armour. (AC +6)


Message History

You are too injured to fight recklessly!
You closely miss the hound.
The hound is heavily wounded.
The hound bites you but does no damage. Something hits you but does no damage.
The hound misses you. Something hits you. Something shocks you.
* * * LOW HITPOINT WARNING * * *
You hit the hound.
The hound is severely wounded.
The hound bites you but does no damage. The ogre barely misses you.
A sky beast appears from thin air!
Reactivating autopickup.
The sky beast hits you but does no damage.
Your quasit closely misses the hound.
Your quasit misses the hound. x2
You slash the sky beast!
The sky beast is moderately wounded.
The hound bites you.
* * * LOW HITPOINT WARNING * * *
Your quasit closely misses the hound.
Your quasit claws the hound.
Your quasit claws the hound but does no damage.
The hound bites your quasit.
The sky beast hits you but does no damage.
The ogre closely misses you.
You hit the ogre.
The ogre is lightly wounded.
The hound barely misses your quasit.
Your quasit bites the hound but does no damage.
Your quasit barely misses the hound.
Your quasit misses the hound. The sky beast closely misses you.
The hound closely misses your quasit. The ogre misses you.
Your quasit barely misses the hound. x3
You hit the ogre.
The ogre is moderately wounded.
The hound closely misses your quasit.
The sky beast flickers out of sight!
Deactivating autopickup; reactivate with Ctrl-A.
Something hits you but does no damage.
Your quasit misses the hound.
Your quasit barely misses the hound.
Your quasit claws the hound but does no damage.
The hound completely misses your quasit.
The ogre hits you with a +0 giant spiked club!
Ouch! That really hurt!
You die...

. ### .. ..# ##
.##.#.. # ...#. .
#... .##
#..###..###
#≈.........
#.{........
........#@h......
..###....5O......
....###.##.....
..### ... .... #
.... .## ...... #
.._...# .......


You could see an ogre, a hound (ally target) and a friendly quasit (summoned).

Vanquished Creatures
  Robin (D:3)
  A dart slug (D:3)
  An orc (D:3)
  A bat (D:3)
  An endoplasm (D:4)
  A giant cockroach (D:3)
  7 goblins
  A hobgoblin (D:4)
  A ball python (D:3)
  A frilled lizard (D:3)
  2 kobolds
  A rat (D:3)
19 creatures vanquished.

Notes
Turn   | Place    | Note
-------+----------+-------------------------------------------
     0 | Abyss:1  | meatgazer the Demonspawn Abyssal Knight began the quest for
                  | the Orb.
     0 | Abyss:1  | Reached XP level 1. HP: 18/18 MP: 2/2
    69 | Abyss:2  | Noticed a large abomination
    70 | D:1      | Escaped the Abyss
   341 | D:3      | Gained mutation: When seriously injured, your bleeding
                  | wounds create armour. (AC +6) [demonic ancestry]
   341 | D:3      | Reached XP level 2. HP: 22/24 MP: 4/4
   342 | D:3      | Reached skill level 1 in Dodging
   396 | D:3      | Noticed Robin
   403 | D:3      | Reached * piety under Lugonu
   410 | D:3      | Killed Robin
   793 | D:3      | Gained mutation: A weak demonic guardian rushes to your
                  | aid. [demonic ancestry]
   793 | D:3      | Reached XP level 3. HP: 24/29 MP: 5/5
  1083 | D:3      | Found a radiant altar of Vehumet.
  1226 | D:5      | Entered Level 5 of the Dungeon
  1226 | D:5      | Noticed a sky beast
  1226 | D:5      | Found a broken altar of Ashenzari.
  1229 | D:5      | Noticed an ogre
  1238 | D:5      | Mangled by an ogre

Illustrated notes

Levels and vault maps discovered:
D:1:      nicolae_arrival_memento_mori, layout_loops_corners,
          ebering_ecumenical_altar_sacrificial
D:2:      layout_loops_ring, minmay_stone_trees_small, uniq_terence,
          uniq_jessica
D:3:      layout_loops_ring, lemuel_round_altar, portal_sewer_entry_d,
          minmay_door_square, uniq_robin
D:4:      layout_gridville, grunt_temple_overflow_open, minmay_misc_feat_roman,
          uniq_duvessa, uniq_natasha
D:5:      layout_rooms, lemuel_round_altar

Skill      XL: |  1  2 |
---------------+-------+-----
Dodging        | 1 |  1.0
Invocations    | 3 |  3.0
Long Blades    | 2 |  2.3
Armour         | 2 |  2.0
Fighting       | |  3.4

Action                   || total
-------------------------++-------
Melee: Falchion          ||    79
Invok: Depart the Abyss  ||     1
  Use: Scroll            ||     1
       Potion            ||     1
 Stab: Sleeping          ||     1
Armor: Leather armour    ||    37
Dodge: Dodged            ||    74

Table legend: (Time is in decaauts)
 A = Elapsed time spent in this place.
 B = Non-inter-level travel time spent in this place.
 C = Inter-level travel time spent in this place.
 D = Time resting spent in this place.
 E = Time spent auto-exploring this place.
 F = Levels seen in this place.
 G = Mean time per level.
                   A        B        C        D        E       F      G
               +--------+--------+--------+--------+--------+-----+--------+
         Total |   1252 |   1203 |     49 |      0 |   1003 |   7 |  178.9 |
       Dungeon |   1182 |   1133 |     49 |      0 |    948 |   5 |  236.4 |
         Abyss |     69 |     69 |      0 |      0 |     55 |   2 |   34.5 |
               +--------+--------+--------+--------+--------+-----+--------+

Top non-repeatable levels by time:
     D:3: 872 daAuts
     D:4: 116 daAuts
     D:2: 105 daAuts
     D:1: 74 daAuts
 Abyss:2: 53 daAuts
 Abyss:1: 16 daAuts
     D:5: 13 daAuts
